 Dungeon Crawl Stone Soup version 0.26-a0-651-gb41185065b (webtiles) character file.

Game seed: 14833344571970944681

3995 kae the Cleaver (level 10, -13/92 (93) HPs)
             Began as a Hill Orc Fighter on Oct 15, 2020.
             Was a Follower of Qazlal.
             Mangled by Gastronok (28 damage)
             ... on level 9 of the Dungeon on Oct 16, 2020.
             The game lasted 00:09:08 (11665 turns).

kae the Cleaver (Hill Orc Fighter)                 Turns: 11665, Time: 00:09:08

HP:   -13/92 (93)   AC:  9    Str: 23    XL:     10   Next: 23%
MP:   23/23         EV:  7    Int: 14    God:    Qazlal [*.....]
Gold: 1498          SH: 11    Dex: 10    Spells: 9/9 levels left

rFire    . . .     SeeInvis .   a - +1 war axe
rCold    . . .     Faith    .   c - +0 kite shield
rNeg     . . .     Spirit   .   b - +1 scale mail
rPois    .         Reflect  .   (no helmet)
rElec    .         Harm     .   r - scarf {+Inv}
rCorr    .         Rampage  .   K - +0 pair of gloves
MR       .....                  (no boots)
Stlth    ..........             z - amulet of magic regeneration
HPRegen  0.25/turn              G - +6 ring of intelligence
MPRegen  0.43/turn              H - ring of magical power

@: no status effects
A: no striking features
a: Renounce Religion, Evoke Invisibility


You were on level 9 of the Dungeon.
You worshipped Qazlal.
Qazlal was aware of your devotion.
You visited 2 branches of the dungeon, and saw 10 of its levels.

You collected 1498 gold pieces.

Inventory:

Hand Weapons
 a - a +1 war axe (weapon)
Armour
 b - a +1 scale mail (worn)
 c - a +0 kite shield (worn)
 r - a scarf of invisibility (worn)
 K - a +0 pair of gloves (worn)
Jewellery
 f - an uncursed ring of protection from cold
 k - a +6 ring of intelligence
 m - an uncursed amulet of reflection
 u - an uncursed ring of ice
 y - an uncursed ring of protection from magic {unknown}
 z - an amulet of magic regeneration (around neck)
 C - an uncursed ring of protection from fire {unknown}
 G - a +6 ring of intelligence (left hand)
 H - a ring of magical power (right hand)
 M - an uncursed amulet of guardian spirit {unknown}
Wands
 n - a wand of random effects (63)
 B - a wand of digging (2)
 I - a wand of iceblast (15)
 L - a wand of paralysis (8)
 N - a wand of polymorph (7)
Scrolls
 h - 3 scrolls of teleportation
 j - 2 scrolls of immolation
 o - 3 scrolls of remove curse
 p - 2 scrolls of random uselessness
 x - 3 scrolls of amnesia
 A - a scroll of blinking
 D - 2 scrolls of magic mapping
 E - a scroll of enchant armour
 O - a scroll of fog
Potions
 d - 2 potions of might
 e - 2 potions of brilliance
 g - 3 potions of invisibility
 i - a potion of flight
 l - 2 potions of resistance
 q - a potion of curing
 s - a potion of magic
 t - 2 potions of haste
 v - a potion of cancellation
 w - 2 potions of degeneration
 F - 2 potions of berserk rage {unknown}
 J - 2 potions of mutation {unknown}


   Skills:
 - Level 10.0 Fighting
 * Level 14.0 Axes
 - Level 3.3 Armour
 - Level 3.3 Shields
 + Level 6.3 Invocations


You had 9 spell levels left.
You didn't know any spells.
Your spell library contained the following spells:

 Spells                   Type           Power        Failure   Level
 Confusing Touch          Hex            #.......     100%        3
 Gell's Gravitas          Tloc           #.........   100%        3
 Petrify                  Tmut/Erth      #.......     100%        4
 Metabolic Englaciation   Hex/Ice        #.........   100%        5
 Yara's Violent Unravell  Hex/Tmut       #.........   100%        5


Dungeon Overview and Level Annotations

Branches:
Dungeon (9/15)             Temple (1/1) D:6
   Lair: D:8-11         Orc: D:9-12

Altars:
Ashenzari
Cheibriados
Dithmenos
Elyvilon
Fedhas
Gozag
Hepliaklqana
Kikubaaqudgha
Makhleb
Nemelex Xobeh
Okawaru
Qazlal
Ru
Sif Muna
Trog
Uskayaw
Vehumet
Wu Jian
Xom
Zin
The Shining One

Annotations:
D:7 2 transporters, Mesmaeker13's ghost, novice NaVM
D:9 Gastronok


Message History

Gastronok bites you but does no damage.
You hit Gastronok but do no damage.
Gastronok is heavily wounded.
You hit Gastronok.
Gastronok is heavily wounded.
You hit Gastronok but do no damage.
Gastronok is heavily wounded.
Gastronok bites you!!
You slash Gastronok!
Gastronok is heavily wounded.
You slash Gastronok!
Gastronok is severely wounded.
Gastronok bites you!!
* * * LOW HITPOINT WARNING * * *
You hit Gastronok.
Gastronok is severely wounded.
You slash Gastronok!
Gastronok is almost dead.
Gastronok bites you!!
You die...

###.....#..≈..#..#
#>....##...##..#
##'##..#...#...#
#.....##.##...#
##.....#.#....#
#............#
####+#...)...#.# #
#.......w§.....# ####
#.......#@#....# .#.##
#......##.##...#
....####......#...#...#
......##.....##...##..#
##...†.#.....#..≈..#..#
##..........#.≈≈≈.#.##
##....w###.#.≈≈≈.#.#
#.#..## #.#.≈≈≈.#.#
####.# #.#..≈..#.#


You could see Gastronok (swift).

Vanquished Creatures
  A troll (D:9)
  A hippogriff (D:7)
  Duvessa (D:7)
  A black bear (D:9)
  2 ice beasts
  2 orc warriors
  7 ogres
  3 centaurs
  A necrophage (D:4)
  A big kobold (D:8)
  4 bullfrogs
  A wyvern zombie (D:8)
  Dowan (D:7)
  4 scorpions
  10 killer bees (D:7)
  3 wights
  A centaur zombie (D:9)
  A crimson imp (D:9)
  3 hounds
  A jelly (D:9)
  A bullfrog zombie (D:7)
  An orc priest (D:6)
  A centaur skeleton (D:6)
  Natasha (D:3)
  7 orc wizards
  7 worker ants
  A worker ant zombie (D:6)
  4 gnolls (D:5)
  3 adders
  2 shadow imps (D:6)
  2 white imps
  2 ufetubi
  An ooze (D:3)
  3 worms
  2 adder skeletons
  2 adder zombies
  2 dart slugs (D:1)
  2 leopard geckos
  15 orcs
  5 ball pythons (D:3)
  4 giant cockroaches
  10 goblins
  12 hobgoblins
  16 jackals
  8 kobolds
  2 quokkas
  12 bats
  7 frilled lizards
  A jackal skeleton (D:4)
  A quokka skeleton (D:4)
  11 rats
197 creatures vanquished.

Vanquished Creatures (others)
  5 plants (D:6)
5 creatures vanquished.

Grand Total: 202 creatures vanquished

Notes
Turn   | Place    | Note
-------+----------+-------------------------------------------
     0 | D:1      | kae the Hill Orc Fighter began the quest for the Orb.
     0 | D:1      | Reached XP level 1. HP: 19/19 MP: 1/1
    74 | D:1      | Reached skill level 3 in Axes
    84 | D:1      | Reached XP level 2. HP: 21/27 MP: 2/2
   357 | D:1      | Reached XP level 3. HP: 16/33 MP: 3/3
   527 | D:1      | Reached skill level 4 in Axes
   979 | D:2      | Found a hazy altar of Hepliaklqana.
   979 | D:2      | Found a sparkling altar of Nemelex Xobeh.
   979 | D:2      | Found a broken altar of Ashenzari.
  1353 | D:2      | Reached XP level 4. HP: 37/41 MP: 4/4
  1620 | D:2      | Reached skill level 5 in Axes
  2174 | D:3      | Noticed Natasha
  2184 | D:3      | Killed Natasha
  2184 | D:3      | Reached XP level 5. HP: 40/47 MP: 5/5
  2660 | D:4      | Reached skill level 5 in Fighting
  2660 | D:4      | Reached skill level 6 in Axes
  3083 | D:4      | Noticed a necrophage
  3091 | D:4      | Killed a necrophage
  3091 | D:4      | Reached skill level 7 in Axes
  3091 | D:4      | Reached XP level 6. HP: 54/55 MP: 6/6
  3705 | D:5      | Entered Level 5 of the Dungeon
  3791 | D:5      | Reached skill level 8 in Axes
  3791 | D:5      | Reached XP level 7. HP: 49/62 MP: 7/7
  4286 | D:5      | Reached skill level 9 in Axes
  4980 | D:6      | Reached XP level 8. HP: 57/72 MP: 8/8
  5042 | D:6      | Reached skill level 10 in Axes
  6363 | D:6      | Reached skill level 11 in Axes
  6506 | D:6      | Found a staircase to the Ecumenical Temple.
  6532 | D:6      | Found a sacrificial altar of Ru.
  6689 | Temple   | Entered the Ecumenical Temple
  6885 | Temple   | Became a worshipper of Qazlal Stormbringer
  6963 | D:6      | Reached skill level 1 in Invocations
  7183 | D:7      | Reached XP level 9. HP: 81/81 MP: 10/10
  7618 | D:7      | Noticed Duvessa
  7618 | D:7      | Noticed Dowan
  7638 | D:7      | Killed Duvessa
  7638 | D:7      | Reached skill level 12 in Axes
  7643 | D:7      | Killed Dowan
  7921 | D:7      | Noticed a hornet
  8087 | D:7      | Noticed Mesmaeker13's ghost (novice NaVM)
  8089 | D:7      | Found a transporter.
  8093 | D:7      | Found a transporter.
  8096 | D:7      | Noticed a queen bee
  9029 | D:8      | Reached skill level 13 in Axes
  9158 | D:8      | Reached skill level 5 in Invocations
  9411 | D:7      | Reached * piety under Qazlal
  9867 | D:7      | Reached XP level 10. HP: 83/91 MP: 14/14
 10209 | D:8      | Noticed a two-headed ogre
 10693 | D:8      | Identified a scroll of acquirement
 10693 | D:8      | Acquired 973 gold pieces
 10942 | D:9      | Found a shadowy altar of Dithmenos.
 11330 | D:9      | Reached skill level 10 in Fighting
 11384 | D:9      | Reached skill level 14 in Axes
 11431 | D:9      | Found a glowing golden altar of the Shining One.
 11461 | D:9      | Noticed Gastronok
 11665 | D:9      | Mangled by Gastronok

Illustrated notes

Levels and vault maps discovered:
D:1:      wander_arrival_abandoned_jail, layout_rooms
D:2:      layout_loops_corners, chequers_temple_overflow_statue_of_worship
D:3:      layout_loops_cross, minmay_shallow_snake_nest, uniq_natasha
D:4:      layout_gridville
D:5:      layout_basic
D:6:      minmay_angry_zag, layout_basic, nicolae_overflow_hidden_temple,
          nicolae_ru_the_path_less_chosen, minmay_temple_entry_butterflies
D:7:      layout_loops_corners, gammafunk_ghost_hive, uniq_duvessa
D:8:      layout_rooms
D:9:      layout_roguey, nicolae_tso_carved_into_rock,
          nicolae_dithmenos_shadow_blocks, erik_lair_orcish_takeover,
          minmay_fire_ice_demons, uniq_gastronok
Temple:   regret_index_temple_generic_petals

Skill      XL: |  1  2  3  4  5  6  7  8  9 10 |
---------------+-------------------------------+-----
Axes           | 3 4 5 7 8 9 11 13 14 | 14.0
Fighting       | 4 5 6 7 8 9 10 | 10.0
Invocations    | 2 5 6 |  6.3
Armour         | |  3.3
Shields        | |  3.3

Action                   |  1- 3 |  4- 6 |  7- 9 | 10-12 || total
-------------------------+-------+-------+-------+-------++-------
Melee: War axe           |   126 |   162 |   357 |    85 ||   730
  Use: Scroll            |     7 |     6 |     4 |     5 ||    22
       Potion            |       |       |     1 |       ||     1
Armor: Scale mail        |    71 |    43 |    73 |    22 ||   209
Dodge: Dodged            |    45 |    34 |    59 |    24 ||   162
Block: Kite shield       |    72 |    86 |   208 |    41 ||   407
       Reflection        |       |     1 |     4 |       ||     5

Table legend: (Time is in decaauts)
 A = Elapsed time spent in this place.
 B = Non-inter-level travel time spent in this place.
 C = Inter-level travel time spent in this place.
 D = Time resting spent in this place.
 E = Time spent auto-exploring this place.
 F = Levels seen in this place.
 G = Mean time per level.
                   A        B        C        D        E       F      G
               +--------+--------+--------+--------+--------+-----+--------+
         Total |  11761 |  11328 |    433 |   2325 |   7411 |  10 | 1176.1 |
       Dungeon |  11523 |  11153 |    370 |   2325 |   7245 |   9 | 1280.3 |
        Temple |    237 |    175 |     62 |      0 |    166 |   1 |  237.0 |
               +--------+--------+--------+--------+--------+-----+--------+

Top non-repeatable levels by time:
     D:7: 2608 daAuts
     D:5: 1740 daAuts
     D:6: 1299 daAuts
     D:8: 1178 daAuts
     D:4: 1070 daAuts
     D:2: 1064 daAuts
     D:1: 1017 daAuts
     D:9: 901 daAuts
     D:3: 643 daAuts
  Temple: 237 daAuts
